 Dungeon Crawl Stone Soup version 0.29-a0-289-g2178c42546 (webtiles) character file.

Game seed: 13898615800395369843

94 sanka the Ducker (level 4, 0/41 HPs)
             Began as a Gnoll Monk on Mar 17, 2022.
             Was a Priest of Vehumet.
             Slain by an orc wizard
             ... wielding a +0 dagger
              (4 damage)
             ... on level 3 of the Dungeon.
             The game lasted 00:02:48 (3067 turns).

sanka the Ducker (Gnoll Monk)                       Turns: 3067, Time: 00:02:49

Health: 0/41       AC:  2    Str: 11    XL:     4   Next: 63%
Magic:  2/5        EV: 15    Int: 11    God:    Vehumet [***...]
Gold:   168        SH:  0    Dex: 14    Spells: 1/5 levels left

rFire   . . .      SeeInvis .   j - +1 dagger (elec)
rCold   + . .      Faith    .   (no shield)
rNeg    . . .      Spirit   .   b - +0 robe
rPois   .          Reflect  .   (no helmet)
rElec   .          Harm     .   (no cloak)
rCorr   .          Rampage  .   (no gloves)
Will    .....                   (no boots)
Stlth   +++.......              (no amulet)
HPRegen 0.13/turn               (no ring)
MPRegen 0.09/turn               d - ring of protection from cold

@: no status effects
A: fangs 1, strong nose, distributed training
a: Renounce Religion


You were on level 3 of the Dungeon.
You worshipped Vehumet.
Vehumet was most pleased with you.
You visited 1 branch of the dungeon, and saw 3 of its levels.

You collected 168 gold pieces.


Innate Abilities, Weirdness & Mutations

You have very sharp teeth.
Your uncanny sense of smell can sniff out nearby items.
Your experience applies equally to all skills.


   Skills:
 + Level 6.6 Fighting
 + Level 1.2 Short Blades
 + Level 1.2 Long Blades
 + Level 6.6 Axes
 + Level 1.2 Maces & Flails
 + Level 1.2 Polearms
 + Level 1.2 Staves
 + Level 1.2 Slings
 + Level 1.2 Bows
 + Level 1.2 Crossbows
 + Level 1.2 Throwing
 + Level 1.2 Armour
 + Level 6.6 Dodging
 + Level 4.3 Stealth
 + Level 1.2 Shields
 + Level 1.2 Unarmed Combat
 + Level 1.2 Spellcasting
 + Level 1.0 Conjurations
 + Level 1.0 Hexes
 + Level 1.0 Summonings
 + Level 1.0 Necromancy
 + Level 1.0 Translocations
 + Level 1.0 Transmutations
 + Level 1.0 Fire Magic
 + Level 1.0 Ice Magic
 + Level 1.0 Air Magic
 + Level 1.0 Earth Magic
 + Level 1.0 Poison Magic
 + Level 1.3 Invocations
 + Level 1.2 Evocations


You had one spell level left.
You knew the following spells:

 Your Spells              Type           Power      Damage    Failure   Level
x - Stone Arrow           Conj/Erth      4%         3d7       17%         3
z - Freeze                Ice            8%         1d3       6%          1

Your spell library contained the following spells:

 Spells                   Type           Power      Damage    Failure   Level
 Summon Small Mammal      Summ           8%         N/A       22%         1
 Call Canine Familiar     Summ           2%         N/A       54%         3
 Summon Guardian Golem    Hex/Summ       2%         N/A       54%         3

Inventory:

Hand Weapons
 a - a +0 hand axe
 j - a +1 dagger of electrocution (weapon)
Missiles
 g - 4 curare-tipped darts {=f}
Armour
 b - a +0 robe (worn)
 e - a +0 cloak
 q - a +0 cloak
 s - a +0 cloak
Jewellery
 d - a ring of protection from cold (right hand)
 h - a ring of flight
Scrolls
 i - a scroll of fog {unknown}
 l - a scroll of holy word {unknown}
 m - 2 scrolls of silence {unknown}
 n - a scroll of noise {unknown}
 o - 2 scrolls of summoning {unknown}
 p - a scroll of identify {unknown}
Potions
 c - a potion of ambrosia
 f - 2 potions of haste {unknown}
 k - 2 potions of mutation {unknown}
 r - a potion of curing {unknown}

Dungeon Overview and Level Annotations

Branches:
Dungeon (3/15)

Altars:
Vehumet

▒ ▒ ▒ ▒▒▒ ▒ ..▒ ▒ ..▒ ▒▒▒▒▒ ▒
..▒▒▒▒▒▒▒▒▒▒▒▒▒▒▒▒▒▒▒.....▒▒▒▒▒▒▒
..'.............g{ooS.....+......
..▒▒▒▒▒▒▒▒▒▒▒▒▒▒▒▒▒▒▒.....▒▒▒▒▒.▒
.......▒▒......▒ ....▒ ▒.▒
.......▒▒......▒ ..S▒ ▒.▒
.......▒▒......▒ ∆ ..▒ ▒.▒
.......▒▒......▒▒▒▒▒▒▒▒▒▒▒▒▒▒▒▒.▒
>.......'......+.................
.....▒.▒▒......▒▒▒▒▒▒.▒▒▒▒▒▒▒▒▒.▒
.....▒.▒▒▒▒▒▒▒...................


You could see an adder and 2 orcs.


Message History

Unknown command.
You miss something.
Unknown command.
You hit the orc. Lightning courses through the orc!
You kill the orc!
Vehumet accepts your kill.
You closely miss something. Something hits you.
* * * LOW HITPOINT WARNING * * *
You completely miss something. Something hits you.
* * * LOW HITPOINT WARNING * * *
You barely miss something. You barely miss something.
The adder hisses angrily.
You bite something. Something hits you but does no damage.
Unknown command.
You closely miss something. Something hits you.
* * * LOW HITPOINT WARNING * * *
Unknown command.
You miss something. Something hits you.
* * * LOW HITPOINT WARNING * * *
Unknown command.
You hit something. Something hits you.
You die...

Action                   |  1- 3 |  4- 6 || total
-------------------------+-------+-------++-------
Melee: Hand axe          |    67 |       ||    67
       Bite              |    11 |     2 ||    13
       Dagger            |    52 |    33 ||    85
       Punch             |     1 |       ||     1
 Cast: Freeze            |     3 |     4 ||     7
 Stab: Sleeping          |     7 |     2 ||     9
Armor: Robe              |    10 |     3 ||    13
Dodge: Dodged            |    81 |    16 ||    97

Levels and vault maps discovered:
D:1:      ncdulo_halloftheorcs, layout_loops_cross, shapermc_ecumenical_altar_gd
D:2:      layout_loops_corners, kennysheep_potato
D:3:      layout_basic, chequers_serial_rivers_large_a,
          hangedman_abyss_or_decor_lesser_grid

Notes
Turn   | Place    | Note
-------+----------+-------------------------------------------
     0 | D:1      | sanka the Gnoll Monk began the quest for the Orb.
     0 | D:1      | Reached XP level 1. HP: 23/23 MP: 1/1
   291 | D:1      | Reached XP level 2. HP: 29/29 MP: 2/2
   481 | D:1      | Found a faded altar of an unknown god.
   489 | D:1      | Prayed at the altar of an unknown god.
   489 | D:1      | Became a worshipper of Vehumet
   489 | D:1      | Reached * piety under Vehumet
   489 | D:1      | Offered knowledge of Freeze by Vehumet.
   489 | D:1      | Reached ** piety under Vehumet
   492 | D:1      | Learned a level 1 spell: Freeze
   606 | D:1      | Offered knowledge of Poisonous Vapours by Vehumet.
   762 | D:1      | Offered knowledge of Inner Flame by Vehumet.
  1012 | D:2      | Reached XP level 3. HP: 27/35 MP: 3/3
  1136 | D:2      | Reached *** piety under Vehumet
  1957 | D:2      | Reached skill level 1 in Invocations
  2201 | D:3      | Offered knowledge of Stone Arrow by Vehumet.
  2358 | D:3      | Reached skill level 1 in Short Blades
  2358 | D:3      | Reached skill level 1 in Long Blades
  2358 | D:3      | Reached skill level 1 in Maces & Flails
  2358 | D:3      | Reached skill level 1 in Polearms
  2358 | D:3      | Reached skill level 1 in Staves
  2358 | D:3      | Reached skill level 1 in Slings
  2358 | D:3      | Reached skill level 1 in Bows
  2358 | D:3      | Reached skill level 1 in Crossbows
  2358 | D:3      | Reached skill level 1 in Throwing
  2358 | D:3      | Reached skill level 1 in Armour
  2358 | D:3      | Reached skill level 1 in Shields
  2358 | D:3      | Reached skill level 1 in Unarmed Combat
  2358 | D:3      | Reached skill level 1 in Spellcasting
  2358 | D:3      | Reached skill level 1 in Evocations
  2362 | D:3      | Learned a level 3 spell: Stone Arrow
  2468 | D:3      | Reached XP level 4. HP: 41/41 MP: 5/5
  2710 | D:3      | Reached skill level 1 in Conjurations
  2710 | D:3      | Reached skill level 1 in Hexes
  2710 | D:3      | Reached skill level 1 in Summonings
  2710 | D:3      | Reached skill level 1 in Necromancy
  2710 | D:3      | Reached skill level 1 in Translocations
  2710 | D:3      | Reached skill level 1 in Transmutations
  2710 | D:3      | Reached skill level 1 in Fire Magic
  2710 | D:3      | Reached skill level 1 in Ice Magic
  2710 | D:3      | Reached skill level 1 in Air Magic
  2710 | D:3      | Reached skill level 1 in Earth Magic
  2710 | D:3      | Reached skill level 1 in Poison Magic
  3066 | D:3      | HP: 4/41 [something (2)]
  3067 | D:3      | Slain by an orc wizard

Vanquished Creatures
  4 adders (D:3)
  A dart slug (D:1)
  5 orcs (D:3)
  5 bats
  5 endoplasms
  A giant cockroach (D:1)
  2 goblins
  2 hobgoblins
  4 jackals (D:1)
  2 quokkas (D:2)
  7 ball pythons
  2 frilled lizards (D:3)
  6 kobolds
  5 rats
51 creatures vanquished.

Vanquished Creatures (others)
  A demonic plant (D:1)
  3 withered plants (D:1)
4 creatures vanquished.

Grand Total: 55 creatures vanquished
